 Dungeon Crawl Stone Soup version 0.24.0-37-gcf1ca852f1 (webtiles) character file.

Game seed: 10556909844420441867, levelgen mode: deterministic

435 Brecoman the Distorting Demonspawn (level 6, -4/49 HPs)
             Began as a Demonspawn Abyssal Knight on Nov 24, 2019.
             Was a Believer of Lugonu.
             Slain by a scorpion (5 damage)
             ... on level 3 of the Dungeon.
             The game lasted 00:07:22 (3167 turns).

Brecoman the Distorting Demonspawn (DsAK)           Turns: 3167, Time: 00:07:22

Health: -4/49      AC: 10    Str: 14    XL:     6   Next: 68%
Magic:  0/9        EV:  6    Int: 14    God:    Lugonu [**....]
Gold:   67         SH:  0    Dex: 12    Spells: 5/5 levels left

rFire    . . .     SeeInvis .   a - +1 hand axe
rCold    . . .     Gourm    .   (no shield)
rNeg     . . .     Faith    .   d - +0 chain mail
rPois    .         Spirit   +   (no helmet)
rElec    .         Reflect  .   r - +0 cloak (curse)
rCorr    .         Harm     .   (no gloves)
MR       .....                  (no boots)
Stlth    ..........             (no amulet)
HPRegen  0.16/turn              (no ring)
MPRegen  0.22/turn              (no ring)

@: no status effects
A: hooves 1, magic shield, magic regeneration
a: Depart the Abyss, Bend Space, Renounce Religion


You were on level 3 of the Dungeon.
You worshipped Lugonu.
Lugonu was pleased with you.
You were hungry.

You visited 2 branches of the dungeon, and saw 6 of its levels.
You visited the Abyss 1 time.

You collected 67 gold pieces.

Inventory:

Hand Weapons
 a - a +1 hand axe (weapon)
Missiles
 k - 83 stones (quivered)
Armour
 b - a +0 leather armour
 d - a +0 chain mail (worn)
 r - a cursed +0 cloak (worn)
Scrolls
 e - 2 scrolls of identify {unknown}
 f - 3 scrolls of amnesia {unknown}
 h - a scroll of teleportation {unknown}
 i - 3 scrolls of enchant armour {unknown}
 l - a scroll of random uselessness {unknown}
 m - 2 scrolls of enchant weapon {unknown}
 q - a scroll of fear {unknown}
 s - a scroll of magic mapping {unknown}
Potions
 g - a potion of agility {unknown}
 j - a potion of flight {unknown}
 n - a potion of brilliance {unknown}
 o - a potion of heal wounds {unknown}
Comestibles
 c - 7 rations
 p - 4 chunks of flesh


   Skills:
 + Level 4.6 Fighting
 + Level 3.5 Axes
 + Level 3.5 Armour
 - Level 0.8 Dodging
 + Level 5.1 Invocations


You had 5 spell levels left.
You didn't know any spells.
Your spell library was empty.

Dungeon Overview and Level Annotations

Branches:
Dungeon (5/15)             Temple (1/1) D:4

Altars:
Xom

Annotations:
D:3 Pikel


Innate Abilities, Weirdness & Mutations

You have large cloven feet.
When hurt, damage is shared between your health and your magic reserves.
You regenerate magic rapidly.


Message History

The adder bites you.
* * * LOW HITPOINT WARNING * * *
Okay, then.
Space bends around you!
You blink.
You barely miss the scorpion. You kick the scorpion.
The scorpion is lightly wounded.
The scorpion stings you but does no damage.
You closely miss the scorpion.
The scorpion is lightly wounded.
You hit the adder. The adder bites you.
* * * LOW HITPOINT WARNING * * *
The scorpion stings you.
* * * LOW HITPOINT WARNING * * *
The adder bites you but does no damage.
The scorpion stings you but does no damage.
You barely miss the scorpion.
The scorpion is lightly wounded.
Your chain mail prevents you from hitting the adder.
The adder closely misses you. The scorpion stings you.
You die...

#.####.#
#....#.#
####.#.#
#S#(####
#@#..K.#
#s#.....
#a#ยง##.#####
#K>........
#..###.#.#
#... ...
#..###.#####
#....S.....#
##.####.##.#.#


You could see Pikel, a scorpion, a worker ant and an adder.

Vanquished Creatures
  Sigmund (D:2)
  2 hounds
  2 jellies (D:3)
  A bullfrog skeleton (D:4)
  Jessica (D:2)
  4 adders
  An ooze (D:1)
  A worm (D:3)
  2 dart slugs
  2 leopard geckos
  2 giant cockroaches (D:2)
  5 goblins
  3 hobgoblins (D:2)
  An iguana (D:3)
  2 jackals (Temple)
  9 kobolds
  A quokka (D:2)
  10 bats
  5 frilled lizards
  9 rats
64 creatures vanquished.

Notes
Turn   | Place    | Note
-------+----------+-------------------------------------------
     0 | Abyss:1  | Brecoman the Demonspawn Abyssal Knight began the quest for
                  | the Orb.
     0 | Abyss:1  | Reached XP level 1. HP: 18/18 MP: 2/2
    12 | D:1      | Escaped the Abyss
   163 | D:1      | Gained mutation: You have large cloven feet. [demonic
                  | ancestry]
   163 | D:1      | Reached XP level 2. HP: 24/24 MP: 4/4
   489 | D:1      | Reached skill level 3 in Invocations
   518 | D:1      | Reached ** piety under Lugonu
  1084 | D:2      | Noticed Sigmund
  1184 | D:2      | Reached XP level 3. HP: 29/29 MP: 5/5
  1286 | D:2      | Reached XP level 4. HP: 26/36 MP: 6/6
  1902 | D:2      | Noticed Jessica
  1908 | D:2      | Killed Jessica
  1908 | D:2      | Reached skill level 4 in Invocations
  2030 | D:2      | Gained mutation: When hurt, damage is shared between your
                  | health and your magic reserves. [demonic ancestry]
  2030 | D:2      | Reached XP level 5. HP: 42/42 MP: 8/8
  2238 | D:2      | Killed Sigmund
  2238 | D:2      | Gained mutation: You regenerate magic rapidly. [demonic
                  | ancestry]
  2238 | D:2      | Reached XP level 6. HP: 5/48 MP: 1/9
  2907 | D:3      | Found a shimmering altar of Xom.
  3014 | D:3      | Reached skill level 5 in Invocations
  3047 | D:3      | You fall into a shaft and drop 2 floors!
  3047 | D:5      | Entered Level 5 of the Dungeon
  3058 | D:4      | Noticed Pikel
  3058 | D:4      | Noticed a slave
  3058 | D:4      | Noticed a slave
  3069 | D:4      | Found a staircase to the Ecumenical Temple.
  3076 | Temple   | Entered the Ecumenical Temple
  3111 | D:4      | Noticed a slave
  3132 | D:4      | Noticed a slave
  3146 | D:4      | Reached *** piety under Lugonu
  3166 | D:3      | HP: 1/49 [scorpion (5)]
  3167 | D:3      | Slain by a scorpion

Levels and vault maps discovered:
D:1:      dpeg_arrival_chambers_temple_mockup, layout_basic, minmay_tetromino_i4
D:2:      layout_loops_ring, first_ration, uniq_jessica, uniq_sigmund
D:3:      layout_basic, dk_xom_monty_hall
D:4:      layout_cave_pools, minmay_temple_entry_overgrown, uniq_pikel
D:5:      layout_loops_cross, lemuel_crystal_altar, serial_glass,
          glass_columns_b, glass_columns_a, glass_columns_a, glass_columns_b,
          minmay_strange_pillars
Temple:   roderic_octagonal_lattice_temple

Skill      XL: |  1  2  3  4  5  6 |
---------------+-------------------+-----
Axes           | 2 3 |  3.5
Armour         | 2 3 |  3.5
Invocations    | 3 4 5 |  5.1
Fighting       | 4 |  4.6
Dodging        | |  0.8

Action                   |  1- 3 |  4- 6 || total
-------------------------+-------+-------++-------
Melee: Hand axe          |    79 |   143 ||   222
       Kick              |    17 |    30 ||    47
Invok: Bend Space        |       |     2 ||     2
       Banish            |       |     1 ||     1
  Eat: Chunk             |     1 |     6 ||     7
Armor: Chain mail        |    90 |   125 ||   215
       Leather armour    |     1 |       ||     1
Dodge: Dodged            |    30 |    65 ||    95
